 Dungeon Crawl Stone Soup version 5.7-8-g3a8b389 (webtiles) character file.

32 learn4r the Poker (level 4, -7/40 HPs)
             Began as a Naga Torpor Knight on Nov 16, 2018.
             Was a Believer of Cheibriados.
             Mangled by a hobgoblin
             ... wielding a +0 dagger of electrocution
             ... led by Samantha
              (15 damage)
             ... on level 2 of the Dungeon.
             The game lasted 00:04:52 (1514 turns).

learn4r the Poker (Naga Torpor Knight)              Turns: 1514, Time: 00:04:53

Health: -7/40      AC:  8 (39%)Str: 26  XL:     4   Next: 27%
Magic:  6/7        EV:  5    Int: 22    God:    Cheibriados [2*[69]]
Gold:   91         SH:  0    Dex: 15    Spells: 9/9 levels left

rFire    . . .     SeeInvis +   a - +0 spear
rCold    . . .     Faith    .   (no shield)
rNeg     . . .     Spirit   .   b - +0 plate armour {ponderous}
rPois    +         Reflect  .   d - +0 helmet
rElec    .                      (no cloak)
rCorr    .                      (no gloves)
MR       .....                  (no barding)
Stlth    ..........             (no amulet)
Regen    0.2/turn               (no ring)
MPRegen  0.2/turn               (no ring)

@: mighty, brilliant, very slow
A: see invisible, deformed body, poison resistance, slowness 2, spit poison 1,
AC +1
a: Spit Poison, Bend Time, Renounce Religion


You were on level 2 of the Dungeon.
You worshipped Cheibriados.
Cheibriados was pleased with you.
You were not hungry.

You visited 1 branch of the dungeon, and saw 2 of its levels.

You collected 91 gold pieces.

Inventory:

Hand Weapons
 a - a +0 spear (weapon)
Missiles
 i - 78 tomahawks (quivered)
Armour
 b - a +0 plate armour of ponderousness (worn)
 d - a +0 helmet (worn)
Scrolls
 c - a scroll of fog
 e - a scroll of enchant armour
 f - a scroll of magic mapping
 g - a scroll of amnesia


   Skills:
 + Level 2.9 Fighting
 + Level 3.3 Polearms
 + Level 2.4 Armour
 + Level 0.8 Dodging
 + Level 0.4 Stealth
 + Level 2.4 Invocations


You had 9 spell levels left.
You didn't know any spells.
Your spell library was empty.

Dungeon Overview and Level Annotations

Branches:
Dungeon (2/15)

Altars:
Cheibriados
Kikubaaqudgha
Vehumet

Annotations:
D:2 Samantha


Innate Abilities, Weirdness & Mutations

You cannot wear boots.
Your serpentine skin is tough. (AC +1)
You have supernaturally acute eyesight. (SInv)
Armour fits poorly on your strangely shaped body.
Your system is resistant to poisons. (rPois)
You cover ground very slowly.
You can spit poison.


Message History

Aim: Samantha, wielding a +0 spear, wearing a +0 animal skin and wearing a +0 helmet (almost dead)
The hobgoblin is in the way.
You puncture the hobgoblin (8)!
You kill the hobgoblin!
Cheibriados appreciates the change of pace.
The goblin hits you but does no damage.
The goblin hits you with a +1 vampiric dagger (3).
* * * LOW HITPOINT WARNING * * *
The goblin hits you but does no damage.
Unknown command.
Attack whom?
Press: ? - help, Dir - move target cursor, f/p - Samantha
Aim: Samantha, wielding a +0 spear, wearing a +0 animal skin and wearing a +0 helmet (almost dead)
The hobgoblin is in the way.
You closely miss the hobgoblin.
The hobgoblin no longer looks unusually strong.
The goblin no longer looks unusually strong.
Samantha roars a battlecry!
The goblins go into a battle-frenzy!
The hobgoblin hits you but does no damage.
You are electrocuted (15)!
You die...

# ## ###. ## #...
...#### ##############
....... #....#...# #
.....gg ####..##.#####
...$?gg########..#......
.....gg@g......#.######.
.....$g######...........
####### #......#....
#........###
#......#####
#......##...
#########... #... ####


You could see Samantha, a hobgoblin and 6 goblins.

Vanquished Creatures
  2 adders (D:2)
  2 dart slugs (D:2)
  3 quokkas
  7 bats
  A giant cockroach (D:2)
  7 goblins
  9 hobgoblins
  7 kobolds
  6 frilled lizards
  A rat (D:2)
45 creatures vanquished.

Notes
Turn   | Place    | Note
-------+----------+-------------------------------------------
     0 | D:1      | learn4r the Naga Torpor Knight began the quest for the Orb.
     0 | D:1      | Reached XP level 1. HP: 19/19 MP: 2/2
   235 | D:1      | Reached XP level 2. HP: 20/26 MP: 4/4
  1099 | D:2      | Found a faded altar of an unknown god.
  1105 | D:2      | Found a snail-covered altar of Cheibriados.
  1121 | D:2      | Reached XP level 3. HP: 32/33 MP: 5/5
  1138 | D:2      | Reached ** piety under Cheibriados
  1258 | D:2      | Reached XP level 4. HP: 39/40 MP: 7/7
  1393 | D:2      | Found a radiant altar of Vehumet.
  1394 | D:2      | Found an ancient bone altar of Kikubaaqudgha.
  1495 | D:2      | Noticed Samantha
  1514 | D:2      | Mangled by a hobgoblin

Skill      XL: |  1  2  3 |
---------------+----------+-----
Armour         | 2 |  2.4
Fighting       | |  2.9
Polearms       | |  3.3
Dodging        | |  0.8
Stealth        | |  0.4
Invocations    | |  2.4

Action                   |  1- 3 |  4- 6 || total
-------------------------+-------+-------++-------
Melee: Spear             |   170 |    52 ||   222
Invok: Bend Time         |     6 |     3 ||     9
 Abil: Spit Poison       |       |     1 ||     1
  Use: Potion            |       |     1 ||     1
Armor: Plate armour      |   134 |    43 ||   177
Dodge: Dodged            |    33 |    12 ||    45
